 Dungeon Crawl Stone Soup version 0.21.1-1-g345015fe64 (webtiles) character file.

654 Loge the Conjurer (level 7, -3/36 HPs)
             Began as a Deep Elf Fire Elementalist on July 18, 2018.
             Slain by a sky beast (6 damage)
             ... on level 4 of the Dungeon.
             The game lasted 00:24:24 (6201 turns).

Loge the Conjurer (Deep Elf Fire Elementalist)      Turns: 6201, Time: 00:24:25

Health: -3/36      AC:  4    Str:  5    XL:     7   Next: 29%
Magic:  16/17      EV: 13    Int: 22    God:
Gold:   279        SH:  0    Dex: 15    Spells: 2/17 levels left

rFire    + . .     SeeInvis .   t - +2 whip (venom)
rCold    . . .     Gourm    .   (no shield)
rNeg     . . .     Faith    .   a - +0 robe
rPois    .         Spirit   .   (no helmet)
rElec    .         Reflect  .   (no cloak)
rCorr    .         Harm     .   (no gloves)
MR       .....                  e - +1 pair of boots {Fly}
Stlth    ++........             (no amulet)
HPRegen  0.12/turn              p - ring of protection from fire
MPRegen  0.15/turn              (no ring)

@: flying
A: no striking features
a: Stop Flying


You were on level 4 of the Dungeon.
You were not hungry.

You visited 1 branch of the dungeon, and saw 5 of its levels.

You collected 279 gold pieces.

Inventory:

Hand Weapons
 t - a +2 whip of venom (weapon)
 u - a +0 blowgun
Missiles
 r - 44 poisoned needles
Armour
 a - a +0 robe (worn)
 e - a +1 pair of boots of flying (worn)
 v - quicksilver dragon scales
 w - a +0 buckler
Jewellery
 p - a ring of protection from fire (left hand)
Wands
 m - a wand of paralysis (17)
Scrolls
 d - 3 scrolls of teleportation {unknown}
 g - 3 scrolls of enchant weapon
 h - a scroll of fog {unknown}
 i - 3 scrolls of remove curse
 n - 2 scrolls of immolation {unknown}
 o - 2 scrolls of amnesia
 q - a scroll of random uselessness {unknown}
 s - a scroll of blinking {unknown}
Potions
 f - a potion of curing
 k - 3 potions of lignification
 l - a potion of invisibility
 x - a potion of mutation
Books
 b - a book of Flames

   Spells                             Type                      Level
   a - Flame Tongue                   Conjuration/Fire             1
   b - Throw Flame                    Conjuration/Fire             2
   c - Conjure Flame                  Conjuration/Fire             3
   d - Inner Flame                    Hexes/Fire                   3
   e - Sticky Flame                   Conjuration/Fire             4
   f - Fireball                       Conjuration/Fire             5
 y - a book of Power

   Spells                             Type                      Level
   a - Iskenderun's Battlesphere      Conjuration/Charms           5
   b - Venom Bolt                     Conjuration/Poison           5
   c - Bolt of Magma                  Conjuration/Fire/Earth       5
   d - Iron Shot                      Conjuration/Earth            6
   e - Orb of Destruction             Conjuration                  7
   f - Spellforged Servitor           Conjuration/Summoning        7
Comestibles
 c - 9 rations


   Skills:
 - Level 2.4 Dodging
 - Level 2.4 Stealth
 + Level 0.7 Shields
 + Level 5.9 Spellcasting
 * Level 6.1 Conjurations
 + Level 5.3 Fire Magic


You had 2 spell levels left.
You knew the following spells:

 Your Spells              Type           Power        Failure   Level  Hunger
a - Flame Tongue          Conj/Fire      ####.        1%          1    None
b - Throw Flame           Conj/Fire      ####..       1%          2    None
c - Conjure Flame         Conj/Fire      ####....     2%          3    #......
d - Sticky Flame          Conj/Fire      ####....     9%          4    ###....
e - Fireball              Conj/Fire      ####......   24%         5    #####..


Dungeon Overview and Level Annotations

Branches:
Dungeon (5/15)
 Temple: D:4-7

Altars:
Fedhas
Ru
Yredelemnul

Annotations:
D:1 exclusion: downstairs
D:3 exclusion: downstairs
D:4 Loge's ghost, novice DEFE


Message History

The leopard gecko closely misses you.
The leopard gecko hisses menacingly.
The sky beast flickers out of sight!
The leopard gecko barely misses you.
Casting: Flame Tongue
Confirm with . or Enter, or press ? or * to list all spells.
Aiming: Flame Tongue
Press: ? - help, Shift-Dir - straight line, f - leopard gecko
Aim: a leopard gecko (clinging)
The flame tongue hits the leopard gecko.
You kill the leopard gecko!
Something hits you. Something shocks you. Something hits you.
* * * LOW HITPOINT WARNING * * *
Something shocks you.
* * * LOW HITPOINT WARNING * * *
You see here a leopard gecko corpse.
You butcher the leopard gecko corpse.
Something hits you.
* * * LOW HITPOINT WARNING * * *
Something shocks you.
You die...

##............####...#.#
## #####...........[.#...#
#. #.........##.###..# #.
#.........##.####.# ###.
#........###.[.##.# #...
#........###......####.##
#......................##
#####....##.#.........#..
####@..)#...........#
######...##........####
#......................
#...<...[......#.######
#.....).......##.##
####.............##..##
#.........)...........##
##......####.>.####.#..###
##.....####...####.....#.


There were no monsters in sight!

Vanquished Creatures
  An orc warrior (D:4)
  A bullfrog skeleton (D:5)
  2 orc priests
  A jelly (D:4)
  5 orc wizards
  2 iguanas (D:4)
  A worker ant (D:4)
  A hound skeleton (D:3)
  2 gnolls (D:2)
  5 adders
  4 oozes
  4 worms
  3 dart slugs
  3 leopard geckos
  17 orcs
  13 giant cockroaches
  5 goblins
  6 hobgoblins
  3 jackals (D:3)
  9 kobolds
  7 quokkas
  2 ball pythons (D:2)
  14 bats
  3 frilled lizards
  5 rats
119 creatures vanquished.

Vanquished Creatures (others)
  A fungus (D:4)
1 creature vanquished.

Grand Total: 120 creatures vanquished

Notes
Turn   | Place    | Note
-------+----------+-------------------------------------------
     0 | D:1      | Loge the Deep Elf Fire Elementalist began the quest for the Orb.
     0 | D:1      | Reached XP level 1. HP: 10/10 MP: 6/6
   273 | D:1      | Reached XP level 2. HP: 13/15 MP: 6/8
   313 | D:1      | Learned a level 2 spell: Throw Flame
   328 | D:1      | Reached skill level 2 in Conjurations
   776 | D:1      | Reached XP level 3. HP: 19/19 MP: 1/10
   781 | D:1      | Learned a level 3 spell: Conjure Flame
  1398 | D:2      | Reached skill level 3 in Conjurations
  1873 | D:2      | Reached XP level 4. HP: 24/24 MP: 1/11
  2758 | D:3      | Reached XP level 5. HP: 28/28 MP: 4/13
  3096 | D:3      | Reached skill level 4 in Conjurations
  3826 | D:3      | Learned a level 4 spell: Sticky Flame
  3874 | D:3      | Found a basalt altar of Yredelemnul.
  4016 | D:3      | Reached XP level 6. HP: 32/32 MP: 0/15
  4222 | D:3      | Reached skill level 5 in Spellcasting
  4395 | D:3      | Learned a level 5 spell: Fireball
  4396 | D:4      | Noticed an orc warrior
  4396 | D:4      | Noticed Loge's ghost (novice DEFE)
  4465 | D:4      | Reached skill level 5 in Conjurations
  4663 | D:4      | Found a sacrificial altar of Ru.
  4969 | D:4      | Found a blossoming altar of Fedhas.
  5143 | D:4      | Killed an orc warrior
  5143 | D:4      | Reached skill level 5 in Fire Magic
  5808 | D:4      | Reached XP level 7. HP: 36/36 MP: 11/17
  5918 | D:5      | Entered Level 5 of the Dungeon
  5957 | D:5      | Reached skill level 6 in Conjurations
  6201 | D:4      | Slain by a sky beast

Skill      XL: |  1  2  3  4  5  6  7 |
---------------+----------------------+-----
Conjurations   | 2 3 4 5 6 |  6.1
Spellcasting   | 4 5 |  5.9
Fire Magic     | 4 5 |  5.3
Dodging        | |  2.4
Stealth        | |  2.4
Shields        | |  0.7

Action                   |  1- 3 |  4- 6 |  7- 9 || total
-------------------------+-------+-------+-------++-------
Melee: Unarmed           |     2 |       |       ||     2
       Whip              |       |     1 |     6 ||     7
 Cast: Flame Tongue      |    52 |   114 |    20 ||   186
       Throw Flame       |    29 |    57 |       ||    86
       Conjure Flame     |     5 |    15 |     1 ||    21
 Abil: Stop Flying       |     1 |       |       ||     1
       Evoke Flight      |     1 |       |       ||     1
  Use: Scroll            |       |     5 |     2 ||     7
  Eat: Chunk             |     4 |    11 |       ||    15
       Ration            |       |     1 |       ||     1
Armor: Robe              |    15 |     3 |     3 ||    21
Dodge: Dodged            |    29 |    10 |    11 ||    50
